 Dungeon Crawl Stone Soup version 0.31.0-1-g2c135a0 (webtiles) character file.

Game seed: 14836474163802313821

40082 login18 the Grappler (level 13, -1/133 HPs)
             Began as a Troll Warper on Apr 23, 2024.
             Was a High Priest of Wu Jian.
             Slain by a nine-headed hydra (8 damage)
             ... on level 5 of the Lair of Beasts.
             The game lasted 00:31:17 (13678 turns).

login18 the Grappler (Troll Warper)                Turns: 13678, Time: 00:31:18

Health: -1/133     AC: 12    Str: 32    XL:     13   Next: 72%
Magic:  0/21       EV:  9    Int:  9    God:    Wu Jian [*****.]
Gold:   937        SH:  9    Dex:  9    Spells: 18/24 levels left

rFire   + +          .
                       - Unarmed
rCold   . . .        Q - +0 kite shield
rNeg    . . .        O - +1 acid dragon scales
rPois   .            e - +1 hat
rElec   .            M - +0 cloak {rF+}
rCorr   +            (gloves unavailable)
SInv    .            (boots unavailable)
Will    .....        i - amulet of guardian spirit
Stlth   +            d - ring of protection from fire
HPRegen 1.22/turn    F - +6 ring of strength
MPRegen 0.17/turn

%: guardian spirit
@: about to teleport
A: large, unfitting armour, claws 3, regeneration 1, shaggy fur 1, tough skin 1
a: Renounce Religion, Wall Jump, Serpent's Lash, Heavenly Storm


You were on level 5 of the Lair of Beasts.
You worshipped Wu Jian.
Wu Jian was extremely pleased with you.
You visited 3 branches of the dungeon, and saw 16 of its levels.
You also visited: Volcano.

You collected 937 gold pieces.

Inventory:

Hand Weapons
 J - a +1 hand cannon of flaming
Missiles
 c - 7 darts of dispersal (quivered)
 p - 3 silver javelins
 r - 4 large rocks
 w - 15 poisoned darts
 P - 6 throwing nets
Armour
 e - a +1 hat (worn)
 v - +0 pearl dragon scales
 M - a +0 cloak of fire resistance (worn)
 O - +1 acid dragon scales (worn)
 Q - a +0 kite shield (worn)
Jewellery
 d - a ring of protection from fire (left claw)
 i - an amulet of guardian spirit (around neck)
 F - a +6 ring of strength (right claw)
Talismans
 D - a granite talisman
Wands
 y - a wand of charming (21)
 H - a wand of polymorph (20)
Scrolls
 a - 3 scrolls of identify
 k - 3 scrolls of noise
 m - 3 scrolls of fog
 n - 3 scrolls of summoning
 o - a scroll of amnesia
 G - 2 scrolls of revelation
 N - 2 scrolls of vulnerability
 R - a scroll of immolation
Potions
 f - 7 potions of curing
 g - 7 potions of heal wounds
 h - 2 potions of brilliance
 j - 3 potions of attraction
 l - 3 potions of might
 q - a potion of mutation {unknown}
 u - a potion of magic
 x - a potion of ambrosia
 z - a potion of enlightenment
 B - a potion of degeneration {unknown}
 C - a potion of resistance {unknown}
 I - a potion of cancellation {unknown}
Miscellaneous
 s - a tin of tremorstones (inert)


   Skills:
 - Level 10.0 Fighting
 - Level 1.0 Throwing
 - Level 6.0 Armour
 - Level 3.0 Dodging
 - Level 6.0 Shields
 - Level 11.0 Unarmed Combat
 - Level 6.0 Spellcasting
 - Level 8.0 Translocations
 - Level 1.0 Evocations
 + Level 6.7 Shapeshifting


You had 18 spell levels left.
You knew the following spells:

 Your Spells              Type           Power      Damage    Failure   Level
a - Blink                 Tloc           34%        N/A       2%          2
b - Manifold Assault      Tloc           17%        N/A       16%         4

Your spell library contained the following spells:

 Spells                   Type           Power      Damage    Failure   Level
 Lesser Beckoning         Tloc           34%        N/A       2%          2
 Teleport Other           Tloc           17%        N/A       4%          3
 Magic Dart               Conj           8%         1d3       41%         1
 Call Imp                 Summ           4%         N/A       54%         2
 Ensorcelled Hibernation  Hex/Ice        4%         N/A       54%         2
 Scorch                   Fire           4%         2d5       54%         2
 Static Discharge         Conj/Air       4%         3-4/arc   54%         2
 Vhi's Electric Charge    Tloc/Air       18%        N/A       63%         4
 Fugue of the Fallen      Necr           2%         N/A       78%         3
 Airstrike                Air            1%         2d(1-17)  99%         4
 Anguish                  Hex/Necr       1%         N/A       99%         4
 Flame Wave               Conj/Fire      2%         2d4       99%         4
 Summon Lightning Spire   Summ/Air       2%         N/A       99%         4
 Summon Cactus Giant      Summ           1%         N/A       100%        6


Dungeon Overview and Level Annotations

Branches:
Dungeon (10/15)            Temple (1/1) D:6            Lair (5/5) D:8
  Swamp (0/4) Lair:3       Spider (0/4) Lair:2      Volcano (visited)
  Slime: Lair:4-5       Orc: D:9-12

Altars:
Ashenzari
Cheibriados
Dithmenos
Elyvilon
Fedhas
Gozag
Hepliaklqana
Kikubaaqudgha
Makhleb
Nemelex Xobeh
Okawaru
Qazlal
Ru
Sif Muna
Trog
Uskayaw
Vehumet
Wu Jian
Xom
Yredelemnul
Zin
The Shining One

Shops:
D:8 *

Portals:
Trove: D:10 (give +6 demon blade)

Annotations:
Temple 2 transporters


Innate Abilities, Weirdness & Mutations

You are too large for most types of armour.
You have claws for hands.
Your natural rate of healing is unusually fast.
You are covered in fur. (AC +1)
You have tough skin. (AC +1)


Message History

The puff of flame hits the nine-headed hydra.
The nine-headed hydra is severely wounded.
The nine-headed hydra closely misses you.
The nine-headed hydra barely misses you. x3
The nine-headed hydra bites you. x2
The nine-headed hydra bites you but does no damage.
The nine-headed hydra bites you!
The nine-headed hydra bites you but does no damage.
The water moccasin barely misses you.
Unknown command.
Unknown command.
Aiming: Throw Flame
Press: ? - help, Shift-Dir - straight line, f/p - nine-headed hydra
Aim: a nine-headed hydra (severely wounded, 89% to hit)
The puff of flame hits the nine-headed hydra.
The nine-headed hydra is almost dead.
The now-empty wand crumbles to dust.
The nine-headed hydra bites you. x5
The nine-headed hydra bites you!
* * * LOW HITPOINT WARNING * * *
The nine-headed hydra bites you but does no damage.
The nine-headed hydra bites you.
* * * LOW HITPOINT WARNING * * *
The nine-headed hydra bites you!
* * * LOW HITPOINT WARNING * * *
The water moccasin bites you but does no damage.
Unknown command.
Unknown command.
As you read the scroll of teleportation, it crumbles to dust.
You feel strangely unstable.
The water moccasin completely misses you.
The nine-headed hydra bites you but does no damage.
The nine-headed hydra barely misses you.
You block the nine-headed hydra's attack.
The nine-headed hydra bites you.
* * * LOW HITPOINT WARNING * * *
The nine-headed hydra bites you but does no damage.
The nine-headed hydra bites you!
* * * LOW HITPOINT WARNING * * *
The nine-headed hydra bites you!
You die...

............##†#...........##
..........#....................
...............................
......#.##...#.#....##..........
##........P...##...#............
##P.............................
#..÷.....#.†............P...P..
##P.......<....÷<............
#.........†....@S...........
##.......##..###.D.........
.........#P..##..h...P.....
........###...#.###...P....
...............#.#.....P...
................###........
...........................
........P..............P...
...P....PP...#.............


You could see a nine-headed hydra, a polar bear and a water moccasin.

Vanquished Creatures
  4 hydras
  The ghost of bob002 the Basher, a novice OnCA of Ignis (D:9)
  A centaur warrior (D:8)
  An ogre mage (Volcano)
  4 two-headed ogres (Volcano)
  The ghost of Dogchiho the Protected, a novice MiFi of Okawaru (D:8)
  Erica (D:9)
  A hell knight (Volcano)
  2 skysharks
  An orb spider (Lair:2)
  Pikel (D:7)
  An ugly thing (D:10)
  5 black mambas
  Joseph (D:8)
  12 elephants
  7 cane toads
  2 rime drakes
  5 komodo dragons
  2 polar bears (Lair:2)
  A troll (D:9)
  25 blink frogs
  A tyrant leech (Lair:3)
  4 dream sheep (Lair:5)
  2 shadows (D:9)
  2 wraiths
  Grum (D:9)
  A basilisk (Lair:3)
  8 wyverns
  30 yaks
  3 steam dragons
  2 swamp worms (Lair:3)
  An acid dragon (D:9)
  9 water moccasins
  An ice beast (D:5)
  A sky beast (D:8)
  A black bear (D:4)
  3 centaurs
  9 wolves
  A lemure (D:7)
  A phantom (D:4)
  2 kobold brigands
  12 bullfrogs
  4 gnoll sergeants
  6 scorpions
  6 wights
  11 killer bees
  7 howler monkeys
  4 bombardier beetles
  14 hounds
  3 gnoll boudas
  5 orc priests
  Jessica (D:3)
  A sleepcap (D:7)
  9 orc wizards
  3 iguanas
  2 adders
  32 gnolls
  A river rat (D:9)
  A shadow imp (D:4)
  A white imp (D:7)
  2 dart slugs
  3 ribbon worms (D:2)
  33 orcs
  10 ball pythons
  6 bats
  7 endoplasms
  2 giant cockroaches
  5 goblins
  7 hobgoblins
  3 jackals (D:9)
  5 quokkas
  8 frilled lizards
  10 kobolds
  7 rats
393 creatures vanquished.

Vanquished Creatures (others)
  An orc wizard (D:3)
1 creature vanquished.

Grand Total: 394 creatures vanquished

Notes
Turn   | Place    | Note
-------+----------+-------------------------------------------
     0 | D:1      | login18 the Troll Warper began the quest for the Orb.
     0 | D:1      | Reached XP level 1. HP: 19/19 MP: 1/1
    79 | D:1      | Reached skill level 1 in Throwing
   223 | D:1      | Reached XP level 2. HP: 25/28 MP: 2/2
   628 | D:2      | Reached XP level 3. HP: 29/35 MP: 3/3
   801 | D:2      | Reached skill level 3 in Unarmed Combat
   801 | D:2      | Reached XP level 4. HP: 6/44 MP: 4/4
  1347 | D:3      | Reached XP level 5. HP: 51/52 MP: 3/5
  1584 | D:3      | Noticed Jessica
  1588 | D:3      | Killed Jessica
  1930 | D:3      | Found a shimmering blue altar of Sif Muna.
  1930 | D:3      | Found a white marble altar of Elyvilon.
  1930 | D:3      | Found a glowing silver altar of Zin.
  1930 | D:3      | Found a blossoming altar of Fedhas.
  1939 | D:3      | Found a hazy altar of Hepliaklqana.
  1939 | D:3      | Found a burning altar of Makhleb.
  2155 | D:3      | Reached skill level 4 in Unarmed Combat
  2169 | D:4      | Reached XP level 6. HP: 30/61 MP: 1/6
  2594 | D:4      | Reached skill level 5 in Unarmed Combat
  2616 | D:4      | Reached XP level 7. HP: 43/70 MP: 3/7
  2833 | D:4      | You fall into a shaft and drop 1 floor!
  2833 | D:5      | Entered Level 5 of the Dungeon
  3303 | D:5      | Reached skill level 6 in Unarmed Combat
  3341 | D:5      | Reached skill level 5 in Fighting
  3499 | D:5      | Reached XP level 8. HP: 71/80 MP: 6/9
  3952 | D:6      | Reached skill level 7 in Unarmed Combat
  4156 | D:6      | Identified the +3 leather armour of the Trout {rF- Str+2
                  | Stlth+}
  4502 | D:6      | Found a staircase to the Ecumenical Temple.
  4515 | Temple   | Found a transporter.
  4515 | Temple   | Found a transporter.
  4515 | Temple   | Found a transporter.
  4515 | Temple   | Found a transporter.
  4515 | Temple   | Entered the Ecumenical Temple
  4532 | Temple   | Became a worshipper of the Wu Jian Council
  4630 | D:7      | Reached XP level 9. HP: 89/89 MP: 11/11
  4683 | D:7      | Found a basalt altar of Yredelemnul.
  4866 | D:7      | Noticed Pikel
  4880 | D:7      | Killed Pikel
  4881 | D:7      | Reached skill level 1 in Armour
  5109 | D:8      | Found Ronobb's General Store.
  5166 | D:8      | Reached skill level 8 in Unarmed Combat
  5170 | D:8      | Reached * piety under Wu Jian
  5242 | D:8      | Found a runed translucent door.
  5244 | D:8      | Noticed Dogchiho's ghost (novice MiFi)
  5244 | D:8      | Noticed a centaur warrior
  5417 | D:8      | Noticed Joseph
  5429 | D:8      | Killed Joseph
  5430 | D:8      | Reached XP level 10. HP: 64/100 MP: 9/14
  5488 | D:8      | Found a sacrificial altar of Ru.
  5533 | D:8      | Found a staircase to the Lair.
  5885 | D:9      | Reached skill level 5 in Translocations
  5891 | D:9      | Found a runed translucent gate.
  5892 | D:9      | Found a runed translucent gate.
  5893 | D:9      | Found a runed translucent gate.
  5894 | D:9      | Noticed bob002's ghost (novice OnCA)
  6040 | D:9      | Noticed Grum
  6045 | D:9      | Killed Grum
  6171 | D:9      | Reached skill level 9 in Unarmed Combat
  6234 | D:9      | Noticed Erica
  6246 | D:9      | Killed Erica
  6436 | D:9      | Reached ** piety under Wu Jian
  6497 | D:9      | Learned a level 2 spell: Blink
  6607 | D:9      | Reached XP level 11. HP: 110/110 MP: 16/16
  6840 | D:9      | Learned a level 4 spell: Manifold Assault
  7080 | D:8      | Killed Dogchiho's ghost
  7087 | D:8      | Killed a centaur warrior
  7088 | D:8      | Reached skill level 1 in Shields
  7212 | D:9      | Killed bob002's ghost
  7213 | D:9      | HP: 7/166 [poisoned by bob002's ghost]
  7214 | D:9      | HP: 1/111 [poisoned by bob002's ghost]
  7376 | D:10     | Entered Level 10 of the Dungeon
  7573 | D:10     | Reached *** piety under Wu Jian
  7647 | D:10     | Found a bloodstained altar of Trog.
  7780 | D:10     | Noticed a green ugly thing
  7801 | D:10     | Killed a green ugly thing
  7802 | D:10     | Reached skill level 5 in Armour
  8026 | D:10     | Found a portal to a secret trove of treasure.
  8355 | Lair:1   | Entered Level 1 of the Lair of Beasts
  8408 | Lair:1   | Reached skill level 5 in Spellcasting
  8414 | Lair:1   | Reached skill level 10 in Unarmed Combat
  9046 | Lair:1   | Reached XP level 12. HP: 108/122 MP: 14/18
  9485 | Lair:2   | Noticed a seven-headed hydra
  9673 | Lair:2   | Killed a seven-headed hydra
  9700 | Lair:2   | Found a dark tunnel.
  9716 | Volcano  | Entered a volcano
  9762 | Volcano  | Noticed a two-headed ogre
  9768 | Volcano  | Killed a two-headed ogre
  9801 | Volcano  | Noticed a two-headed ogre
  9809 | Volcano  | Killed a two-headed ogre
  9846 | Volcano  | Identified the +2 pair of gloves "Yvutisiwk" {rC+++ Will-
                  | Dex-2 Stlth+}
  9924 | Volcano  | Noticed an ogre mage
  9927 | Volcano  | Noticed a two-headed ogre
  9928 | Volcano  | Noticed a two-headed ogre
  9931 | Volcano  | Killed an ogre mage
  9941 | Volcano  | Killed a two-headed ogre
  9944 | Volcano  | HP: 6/123 [two-headed ogre/+0 giant club of flaming (2)]
  9951 | Volcano  | Killed a two-headed ogre
 10421 | Lair:2   | Reached skill level 5 in Shields
 10472 | Lair:2   | Identified the +2 war axe "Luatt" {venom, rF+ Str+3}
 10615 | Lair:2   | Reached **** piety under Wu Jian
 10648 | Lair:2   | Found a hole to the Spider Nest.
 10716 | Lair:2   | Reached skill level 11 in Unarmed Combat
 11272 | Lair:3   | Reached XP level 13. HP: 115/131 MP: 16/20
 11341 | Lair:3   | Reached skill level 1 in Evocations
 11416 | Lair:3   | Reached skill level 1 in Shapeshifting
 11740 | Lair:3   | Found a staircase to the Swamp.
 12765 | Lair:4   | Reached ***** piety under Wu Jian
 13000 | Lair:5   | Entered Level 5 of the Lair of Beasts
 13008 | Lair:5   | Reached skill level 10 in Fighting
 13263 | Lair:5   | Reached skill level 5 in Shapeshifting
 13678 | Lair:5   | Slain by a nine-headed hydra

Illustrated notes

Levels and vault maps discovered:
D:1:      minmay_arrival_stair_chambers, layout_basic, serial_curves,
          eino_curves_01, eino_curves_01
D:2:      layout_basic, chequers_decorated_corner, st_stairs_1,
          minmay_misc_feat_chi, minmay_misc_feat_square
D:3:      layout_rooms, minmay_overflow_temple_hex, serial_forest,
          infiniplex_forest_lined_2, infiniplex_forest_straight_2,
          infiniplex_forest_clump_diagonal, infiniplex_forest_clump_medium,
          infiniplex_forest_lined_3_way, infiniplex_forest_lined_corner,
          infiniplex_forest_lined_3_way, chequers_serial_rivers_room_b,
          minmay_misc_feat_secret_circle, minmay_misc_feat_room, uniq_jessica
D:4:      layout_basic, serial_co_window_serial, co_window_paths_a,
          co_window_of_opportunity_a, co_window_paths_a, co_window_cross_1,
          co_window_corner_a, co_window_unsneaky_path_a, co_window_broadway_a,
          co_window_corner_cb, co_window_2corner, co_window_broadway_a,
          co_window_corner_b, co_window_paths_e, co_window_paths_d,
          minmay_vboxes
D:5:      layout_basic
D:6:      layout_loops_ring, minmay_temple_entry_proselytizer
D:7:      layout_rooms, mainiacjoe_overflow_surrounded_room, uniq_pikel
D:8:      layout_basic, nicolae_ru_awakened_eye, lair_entry_dummy,
          ebering_ghost_inner_flame, serial_shops, shop, grunt_decor_one_mirror,
          uniq_joseph
D:9:      layout_cave_pools, gammafunk_ghost_spectres, serial_gnoll_camp,
          grums_kennel, gnoll_camp_mini_hut, gnoll_camp_mini_hut,
          gnoll_camp_huts_moat, kennysheep_big_empty_room, minivault_21,
          uniq_erica
D:10:     layout_long_grid, lightli_temple_of_fire, nicolae_trove_entry_crystal
Temple:   hellmonk_temple_divided_pantheon
Lair:1:   layout_hall_layers, grunt_forest_small_clearing_treed
Lair:2:   layout_concentric_octagons, nicolae_spider_entry_orb_guardian,
          nicolae_volcano_entry_lava_flow
Lair:3:   layout_regular_city, palyth_hydra_swamp_entry
Lair:4:   layout_cave_shapes
Lair:5:   due_jungle_book, layout_gridlike, slime_entry_1, lemuel_fruit_tree,
          grunt_megastairs_2

Skill      XL: |  1  2  3  4  5  6  7  8  9 10 11 12 13 |
---------------+----------------------------------------+-----
Throwing       | 1 |  1.0
Dodging        | 2 3 |  3.0
Fighting       | 2 3 4 5 6 7 8 9 10 | 10.0
Unarmed Combat | 3 4 5 6 7 8 9 10 11 | 11.0
Spellcasting   | 2 3 4 5 6 |  6.0
Translocations | 3 4 5 6 7 8 |  8.0
Armour         | 2 4 5 6 |  6.0
Shields        | 3 5 6 |  6.0
Evocations     | 1 |  1.0
Shapeshifting  | 6 |  6.7

Action                     |  1- 3 |  4- 6 |  7- 9 | 10-12 | 13-15 || total
---------------------------+-------+-------+-------+-------+-------++-------
  Melee: Unarmed           |    85 |   144 |   277 |   685 |   294 ||  1485
         Punch             |     1 |     4 |    12 |    11 |       ||    28
  Throw: Large rock        |       |       |       |       |     4 ||     4
 Invoke: Serpent's Lash    |       |       |       |     1 |     1 ||     2
Ability: Lunge             |       |       |    10 |    36 |    13 ||    59
         Whirlwind         |       |       |       |    84 |    35 ||   119
  Evoke: Wand              |       |       |       |    12 |    34 ||    46
         Tin of tremorston |       |       |       |     2 |     3 ||     5
    Use: Scroll            |       |       |     7 |    13 |     4 ||    24
         Potion            |       |       |       |     6 |       ||     6
   Stab: Sleeping          |       |     1 |     1 |       |       ||     2
 Armour: Robe              |    61 |   133 |   165 |       |       ||   359
         Steam dragon scal |       |       |    43 |    71 |       ||   114
         Acid dragon scale |       |       |       |   449 |   366 ||   815
  Dodge: Dodged            |    64 |    71 |   133 |   216 |   150 ||   634
  Block: Kite shield       |       |       |       |   132 |   180 ||   312
